 Dungeon Crawl Stone Soup version 0.31.0-12-g77e489cdc1 (webtiles) character file.

Game seed: 4850258754267289663

56 Arctor the Firebug (level 3, -3/19 HPs)
             Began as a Deep Elf Fire Elementalist on Feb 12, 2024.
             Slain by Terence
             ... wielding a +0 flail
              (10 damage)
             ... on level 2 of the Dungeon.
             The game lasted 00:00:42 (1616 turns).

Arctor the Firebug (Deep Elf Fire Elementalist)     Turns: 1616, Time: 00:00:43

Health: -3/19      AC:  2    Str:  5    XL:     3   Next: 71%
Magic:  0/10       EV: 13    Int: 21    God:
Gold:   60         SH:  0    Dex: 15    Spells: 8/9 levels left

rFire   . . .        (no weapon)
rCold   . . .        (no shield)
rNeg    . . .        a - +0 robe
rPois   .            (no helmet)
rElec   .            (no cloak)
rCorr   .            (no gloves)
SInv    .            (no boots)
Will    .....        (no amulet)
Stlth   ++           (no ring)
HPRegen 0.23/turn    (no ring)
MPRegen 0.12/turn

%: no passive effects
@: very slightly contaminated
A: no striking features
a: no special abilities


You were on level 2 of the Dungeon.
You visited 1 branch of the dungeon, and saw 2 of its levels.

You collected 60 gold pieces.

Inventory:

Armour
 a - a +0 robe (worn)
Scrolls
 c - a scroll of fear {unknown}
 d - a scroll of silence {unknown}
 e - a scroll of teleportation {unknown}
 f - a scroll of identify {unknown}
Potions
 b - a potion of magic


   Skills:
 + Level 3.0 Dodging
 + Level 3.2 Stealth
 + Level 3.6 Spellcasting
 + Level 2.0 Conjurations
 + Level 3.7 Fire Magic


You had 8 spell levels left.
You knew the following spells:

 Your Spells              Type           Power      Damage    Failure   Level
a - Foxfire               Conj/Fire      60%        2x1d7     3%          1

Your spell library contained the following spells:

 Spells                   Type           Power      Damage    Failure   Level
 Scorch                   Fire           38%        2d6       4%          2
 Shock                    Conj/Air       32%        1d5       9%          1
 Inner Flame              Hex/Fire       11%        N/A       17%         3
 Volatile Blastmotes      Fire/Tloc      22%        2d11      17%         3
 Swiftness                Air            3%         N/A       36%         3
 Flame Wave               Conj/Fire      15%        2d7       36%         4
 Airstrike                Air            1%         2d(1-17)  77%         4


Dungeon Overview and Level Annotations

Branches:
Dungeon (2/15)

Altars:

Annotations:
D:2 Terence


Message History

You conjure some foxfire!
Terence is nearby!
You conjure some foxfire!
The foxfire hits Terence but does no damage.
You conjure some foxfire!
Your foxfire dissipates!
Terence is nearby!
You conjure some foxfire!
The foxfire hits Terence but does no damage.
The foxfire hits Terence.
Terence is moderately wounded.
The foxfire hits Terence.
Terence is heavily wounded.
The foxfire hits Terence!
Terence is almost dead.
Terence says, "Don't bother to defend, it's senseless."
Casting: Foxfire (safe; 3% risk of failure)
Confirm with . or Enter, or press ? or * to list all spells.
You don't know that spell.
Unknown command.
Casting: Foxfire (safe; 3% risk of failure)
Confirm with . or Enter, or press ? or * to list all spells.
You miscast Foxfire.
You are very lightly contaminated with residual magic.
Nothing appears to happen.
The foxfire hits Terence but does no damage.
Terence is almost dead.
The foxfire hits Terence but does no damage.
Terence is almost dead.
Terence misses you.
You hit Terence but do no damage.
Terence is almost dead.
Terence hits you with a +0 flail!
Ouch! That really hurt!
Casting: Foxfire (safe; 3% risk of failure)
Confirm with . or Enter, or press ? or * to list all spells.
You conjure some foxfire!
Terence hits you with a +0 flail!
Ouch! That really hurt!
You die...
Terence says, "Rest in peace."

#### .... ..## ...
..>. .# #..## .#
#...# .#.# #...#
§... .. ... .###
..).###v###.# .#
......@@....# .#
....###v####### .#
....§$.........
.#.
#######.#######
... #.# .## .# #.#
#.# #.# # #.# #.#
#######.########.#


You could see Terence (ally target).

Vanquished Creatures
  Jessica (D:2)
  3 bats (D:2)
  2 endoplasms (D:1)
  2 giant cockroaches (D:1)
  3 goblins
  4 hobgoblins
  A quokka (D:1)
  7 ball pythons
  2 kobolds
  3 rats (D:1)
28 creatures vanquished.

Vanquished Creatures (others)
  179 foxfires
179 creatures vanquished.

Grand Total: 207 creatures vanquished

Notes
Turn   | Place    | Note
-------+----------+-------------------------------------------
     0 | D:1      | Arctor the Deep Elf Fire Elementalist began the quest for
                  | the Orb.
     0 | D:1      | Reached XP level 1. HP: 10/10 MP: 6/6
   283 | D:1      | Found a faded altar of an unknown god.
   383 | D:1      | Reached XP level 2. HP: 15/15 MP: 2/8
  1407 | D:2      | Noticed Jessica
  1413 | D:2      | Killed Jessica
  1414 | D:2      | Reached XP level 3. HP: 19/19 MP: 2/10
  1609 | D:2      | Noticed Terence
  1616 | D:2      | Slain by Terence

Illustrated notes

Levels and vault maps discovered:
D:1:      minmay_arrival_shoal_huts, layout_basic,
          hellmonk_ecumenical_altar_slurped_away, chequers_serial_rivers_marsh
D:2:      layout_basic, uniq_terence, uniq_jessica

Skill      XL: |  1  2  3 |
---------------+----------+-----
Stealth        | 3 |  3.2
Dodging        | 3 |  3.0
Conjurations   | 2 |  2.0
Spellcasting   | |  3.6
Fire Magic     | |  3.7

Action                     || total
---------------------------++-------
  Melee: Unarmed           ||     1
   Cast: Foxfire           ||   110
 Armour: Robe              ||     4
  Dodge: Dodged            ||     6
